| TOP OF THE 1ST |
|
Durham Bulls batting - Pitching for Salt Lake Bees : LHP Nigel Turner
|
|
Pitching: LHP Nigel Turner
|
|
|
Batting: LHB Angel Ruvalcaba
|
0-0: Ball 1-0: Called Strike 1-1: Swinging Strike 1-2: Foul Ball, location: 2F 1-2: Fly out, F7 (Flyball, 7, EV 89.4 MPH)
|
|
Batting: SHB Ben Pierce
|
0-0: Called Strike 0-1: Ball 1-1: SINGLE (Groundball, 4MD, EV 107.5 MPH)
|
|
Batting: RHB Eugênio Asceno
|
0-0: Foul Ball, location: 2F 0-1: Ball 1-1: Called Strike 1-2: Strikes out swinging
|
|
Batting: RHB Danny Diaz
|
0-0: Called Strike 0-1: Ball 1-1: Foul Ball, location: 2F 1-2: Foul Ball, location: 2F 1-2: Foul Ball, location: 2F 1-2: Ball 2-2: Ground out 4-3 (Groundball, 4MD, EV 106.3 MPH)
|
| Top of the 1st over - 0 runs, 1 hit, 0 errors, 1 left on base; Durham 0 - Salt Lake 0 |
| BOTTOM OF THE 1ST |
|
Salt Lake Bees batting - Pitching for Durham Bulls : RHP Joel Montenegro
|
|
Pitching: RHP Joel Montenegro
|
|
|
Batting: RHB Mike Harkins
|
0-0: Called Strike 0-1: Ball 1-1: Foul Ball, location: 2F 1-2: Foul Ball, location: 2F 1-2: SINGLE (Line Drive, 78S, EV 111.9 MPH)
|
|
Batting: RHB Justin Lauderdale
|
0-0: Ball 1-0: Ball Mike Harkins is caught stealing 2nd base 2-4 2-0: Called Strike 2-1: Called Strike 2-2: Ground out 5-3 (Groundball, 56, EV 81.9 MPH)
|
|
Batting: LHB Vinny Carreno
|
0-0: Foul Ball, location: 2F 0-1: Foul Ball, location: 2F 0-2: DOUBLE (Line Drive, 78M, EV 89.4 MPH)
|
|
Batting: RHB Guillermo Mojica
|
0-0: Foul Ball, location: 2F 0-1: Ball 1-1: Fly out, F8 (Flyball, 8LD, EV 105.0 MPH)
|
| Bottom of the 1st over - 0 runs, 2 hits, 0 errors, 1 left on base; Durham 0 - Salt Lake 0 |
| TOP OF THE 2ND |
|
Durham Bulls batting - Pitching for Salt Lake Bees : LHP Nigel Turner
|
|
Batting: LHB Robin More
|
0-0: Ball 1-0: Called Strike 1-1: Swinging Strike 1-2: Ball 2-2: Foul Ball, location: 2F 2-2: Strikes out swinging
|
|
Batting: RHB Kevin Kush
|
0-0: Ball 1-0: SINGLE (Groundball, 6MD, EV 100.0 MPH)
|
|
Batting: LHB Brian Hollinger
|
0-0: Ball Kevin Kush is caught stealing 2nd base 2-6 1-0: Called Strike 1-1: Ball 2-1: Ball 3-1: Foul Ball, location: 2F 3-2: Foul Ball, location: 2F 3-2: Foul Ball, location: 2F 3-2: Base on Balls
|
|
Batting: RHB Jose Herrera
|
0-0: Ball 1-0: Ball 2-0: SINGLE (Groundball, 6MD, EV 94.4 MPH) Brian Hollinger to second
|
|
Batting: LHB Danny Hull
|
0-0: Foul Ball, location: 2F 0-1: Ball 1-1: Ball 2-1: Ground out 6-3 (Groundball, 6MS, EV 66.9 MPH)
|
| Top of the 2nd over - 0 runs, 2 hits, 0 errors, 2 left on base; Durham 0 - Salt Lake 0 |
| BOTTOM OF THE 2ND |
|
Salt Lake Bees batting - Pitching for Durham Bulls : RHP Joel Montenegro
|
|
Batting: RHB Cesar Ortega
|
0-0: Swinging Strike 0-1: Ball 1-1: Swinging Strike 1-2: Foul Ball, location: 2F 1-2: Strikes out swinging
|
|
Batting: RHB Ryan Marler
|
0-0: Called Strike 0-1: Swinging Strike 0-2: Strikes out swinging
|
|
Batting: SHB Ivan Barry
|
0-0: Ball 1-0: Foul Ball, location: 2F 1-1: Ball 2-1: Swinging Strike 2-2: Ball 3-2: Strikes out swinging
|
| Bottom of the 2nd over - 0 runs, 0 hits, 0 errors, 0 left on base; Durham 0 - Salt Lake 0 |
| TOP OF THE 3RD |
|
Durham Bulls batting - Pitching for Salt Lake Bees : LHP Nigel Turner
|
|
Batting: LHB Angel Ruvalcaba
|
0-0: Ball 1-0: SINGLE (Groundball, 34D, EV 95.6 MPH)
|
|
Batting: SHB Ben Pierce
|
0-0: Ball 1-0: Called Strike Angel Ruvalcaba steals 2nd base 1-1: Called Strike 1-2: Foul Ball, location: 2F 1-2: Ball 2-2: Strikes out swinging
|
|
Batting: RHB Eugênio Asceno
|
0-0: Ball Angel Ruvalcaba steals 3rd base (no throw) 1-0: Called Strike 1-1: Ground out 4-3 (Groundball, 6MD, EV 83.8 MPH) Angel Ruvalcaba scores
|
|
Batting: RHB Danny Diaz
|
0-0: Called Strike 0-1: Ball 1-1: Foul Ball, location: 2F 1-2: Strikes out swinging
|
| Top of the 3rd over - 1 run, 1 hit, 0 errors, 0 left on base; Durham 1 - Salt Lake 0 |
| BOTTOM OF THE 3RD |
|
Salt Lake Bees batting - Pitching for Durham Bulls : RHP Joel Montenegro
|
|
Batting: SHB Brendan Bundy
|
0-0: Ground out 4-3 (Groundball, 4M, EV 101.9 MPH)
|
|
Batting: RHB Justin Noll
|
0-0: Called Strike 0-1: Ball 1-1: Foul Ball, location: 2F 1-2: Ball 2-2: Fly out, F7 (Flyball, 7, EV 76.9 MPH)
|
|
Batting: RHB Mike Harkins
|
0-0: Called Strike 0-1: Ground out 4-3 (Groundball, 4, EV 102.5 MPH)
|
| Bottom of the 3rd over - 0 runs, 0 hits, 0 errors, 0 left on base; Durham 1 - Salt Lake 0 |
| TOP OF THE 4TH |
|
Durham Bulls batting - Pitching for Salt Lake Bees : LHP Nigel Turner
|
|
Batting: LHB Robin More
|
0-0: Ball 1-0: SOLO HOME RUN (Flyball, 9D, EV 96.9 MPH), Distance : 383 ft
|
|
Batting: RHB Kevin Kush
|
0-0: Called Strike 0-1: SINGLE (Groundball, 56, EV 105.0 MPH)
|
|
Batting: LHB Brian Hollinger
|
0-0: Called Strike 0-1: Ball 1-1: Swinging Strike 1-2: Ball 2-2: Fielders Choice at 2nd, 4-6 (Groundball, 4, EV 83.1 MPH)
|
|
Batting: RHB Jose Herrera
|
0-0: Ball 1-0: Ball 2-0: Called Strike 2-1: Ball 3-1: Ground out 6-3 (Groundball, 6S, EV 69.4 MPH) Brian Hollinger to second
|
|
Batting: LHB Danny Hull
|
0-0: Ball 1-0: Ball 2-0: Foul Ball, location: 2F 2-1: Ball 3-1: Called Strike 3-2: Foul Ball, location: 2F 3-2: Foul Ball, location: 2F 3-2: Foul Ball, location: 2F 3-2: Foul Ball, location: 2F 3-2: Ground out U3 (Groundball, 3L, EV 109.4 MPH)
|
| Top of the 4th over - 1 run, 2 hits, 0 errors, 1 left on base; Durham 2 - Salt Lake 0 |
| BOTTOM OF THE 4TH |
|
Salt Lake Bees batting - Pitching for Durham Bulls : RHP Joel Montenegro
|
|
Batting: RHB Justin Lauderdale
|
0-0: Foul Ball, location: 2F 0-1: Ball 1-1: Ball 2-1: Foul Ball, location: 2F 2-2: Strikes out swinging
|
|
Batting: LHB Vinny Carreno
|
0-0: Called Strike 0-1: Called Strike 0-2: Ball 1-2: Strikes out swinging
|
|
Batting: RHB Guillermo Mojica
|
0-0: Ground out 4-3 (Groundball, 4, EV 88.1 MPH)
|
| Bottom of the 4th over - 0 runs, 0 hits, 0 errors, 0 left on base; Durham 2 - Salt Lake 0 |
| TOP OF THE 5TH |
|
Durham Bulls batting - Pitching for Salt Lake Bees : LHP Nigel Turner
|
|
Batting: LHB Angel Ruvalcaba
|
0-0: Ball 1-0: Foul Ball, location: 2F 1-1: Ground out 6-3 (Groundball, 6, EV 99.4 MPH)
|
|
Batting: SHB Ben Pierce
|
0-0: Ball 1-0: SINGLE (Line Drive, 9S, EV 95.0 MPH)
|
|
Batting: RHB Eugênio Asceno
|
0-0: Called Strike 0-1: Ball 1-1: SINGLE (Groundball, 15S, EV 65.0 MPH) (infield hit) Ben Pierce to second
|
|
Batting: RHB Danny Diaz
|
0-0: Called Strike 0-1: Foul Ball, location: 2F 0-2: Ball Wild Pitch! Ben Pierce to third Eugênio Asceno to second 1-2: Ball 2-2: Strikes out swinging
|
|
Batting: LHB Robin More
|
0-0: Called Strike 0-1: Swinging Strike 0-2: Ground out 5-3 (Groundball, 56, EV 103.1 MPH)
|
| Top of the 5th over - 0 runs, 2 hits, 0 errors, 2 left on base; Durham 2 - Salt Lake 0 |
| BOTTOM OF THE 5TH |
|
Salt Lake Bees batting - Pitching for Durham Bulls : RHP Joel Montenegro
|
|
Batting: RHB Cesar Ortega
|
0-0: Ball 1-0: Foul Ball, location: 2F 1-1: SINGLE (Groundball, 56D, EV 100.6 MPH)
|
|
Batting: RHB Ryan Marler
|
0-0: Ball 1-0: Called Strike 1-1: Grounds into double play, 3-6-1 (Groundball, 34, EV 98.1 MPH)
|
|
Batting: SHB Ivan Barry
|
0-0: Ball 1-0: Ground out 5-3 (Groundball, 56S, EV 76.3 MPH)
|
| Bottom of the 5th over - 0 runs, 1 hit, 0 errors, 0 left on base; Durham 2 - Salt Lake 0 |
| TOP OF THE 6TH |
|
Durham Bulls batting - Pitching for Salt Lake Bees : LHP Nigel Turner
|
|
Pitching: RHP Kirk Thacker
|
|
|
Batting: RHB Kevin Kush
|
0-0: Ball 1-0: Foul Ball, location: 2F 1-1: Ground out 6-3 (Groundball, 6S, EV 80.0 MPH)
|
|
Batting: LHB Brian Hollinger
|
0-0: SOLO HOME RUN (Flyball, 9D, EV 95.0 MPH), Distance : 358 ft
|
|
Batting: RHB Jose Herrera
|
0-0: Ball 1-0: Called Strike 1-1: Fly out, F7 (Line Drive, 7LM, EV 91.9 MPH)
|
|
Batting: LHB Danny Hull
|
0-0: Ball 1-0: Fly out, F8 (Flyball, 8LD, EV 83.1 MPH)
|
| Top of the 6th over - 1 run, 1 hit, 0 errors, 0 left on base; Durham 3 - Salt Lake 0 |
| BOTTOM OF THE 6TH |
|
Salt Lake Bees batting - Pitching for Durham Bulls : RHP Joel Montenegro
|
|
Batting: SHB Brendan Bundy
|
0-0: Called Strike 0-1: Foul Ball, location: 2F 0-2: Strikes out swinging
|
|
Batting: RHB Justin Noll
|
0-0: Foul Ball, location: 2F 0-1: Called Strike 0-2: Foul Ball, location: 2F 0-2: Ball 1-2: Strikes out swinging
|
|
Batting: RHB Mike Harkins
|
0-0: Swinging Strike 0-1: Ground out 5-3 (Groundball, 56, EV 85.6 MPH)
|
| Bottom of the 6th over - 0 runs, 0 hits, 0 errors, 0 left on base; Durham 3 - Salt Lake 0 |
| TOP OF THE 7TH |
|
Durham Bulls batting - Pitching for Salt Lake Bees : RHP Kirk Thacker
|
|
Batting: LHB Angel Ruvalcaba
|
0-0: Called Strike 0-1: Ball 1-1: Foul Ball, location: 2F 1-2: SINGLE (Groundball, 6, EV 100.0 MPH)
|
|
Batting: SHB Ben Pierce
|
0-0: Ball 1-0: Called Strike 1-1: Ball Angel Ruvalcaba steals 2nd base 2-1: Called Strike 2-2: Ground out 4-3 (Groundball, 4, EV 102.5 MPH) Angel Ruvalcaba to third
|
|
Batting: RHB Eugênio Asceno
|
0-0: Intentional Walk
|
|
Batting: RHB Danny Diaz
|
0-0: Called Strike 0-1: SINGLE (Flyball, 8LM, EV 83.8 MPH) Angel Ruvalcaba scores Eugênio Asceno to second
|
|
Batting: LHB Robin More
|
0-0: Ball 1-0: Called Strike 1-1: Ball 2-1: Foul Ball, location: 2F 2-2: Foul Ball, location: 2F 2-2: Ball 3-2: Base on Balls Eugênio Asceno to third Danny Diaz to second
|
|
Batting: RHB Kevin Kush
|
0-0: Swinging Strike 0-1: Ball 1-1: Swinging Strike 1-2: Strikes out swinging
|
|
Batting: LHB Brian Hollinger
|
0-0: Ball 1-0: SINGLE (Groundball, 4MD, EV 98.8 MPH) Eugênio Asceno scores Danny Diaz to third Robin More to second Runner from 3rd tries for Home, SAFE, throw by CF to home
|
|
Pitching: LHP Pete Zamarron
|
|
|
Batting: RHB Jose Herrera
|
0-0: Fielders Choice at 2nd, U4 (Groundball, 4M, EV 109.4 MPH)
|
| Top of the 7th over - 3 runs, 3 hits, 0 errors, 2 left on base; Durham 6 - Salt Lake 0 |
| BOTTOM OF THE 7TH |
|
Salt Lake Bees batting - Pitching for Durham Bulls : RHP Joel Montenegro
|
|
Batting: RHB Justin Lauderdale
|
0-0: Ball 1-0: Ball 2-0: Called Strike 2-1: SINGLE (Line Drive, 6D, EV 101.9 MPH)
|
|
Batting: LHB Vinny Carreno
|
0-0: Swinging Strike 0-1: Foul Ball, location: 2F 0-2: Strikes out looking
|
|
Batting: RHB Guillermo Mojica
|
0-0: Ball 1-0: Foul Ball, location: 2F 1-1: Called Strike Justin Lauderdale steals 2nd base 1-2: Ball 2-2: DOUBLE (Groundball, 3L, EV 102.5 MPH) Justin Lauderdale scores
|
|
Batting: RHB Cesar Ortega
|
0-0: Ball 1-0: Ball 2-0: Called Strike 2-1: Ball 3-1: Base on Balls
|
|
Batting: RHB Ryan Marler
|
0-0: Ball 1-0: Called Strike 1-1: Foul Ball, location: 2F 1-2: Grounds into double play, 4-6-3 (Groundball, 4, EV 107.5 MPH)
|
| Bottom of the 7th over - 1 run, 2 hits, 0 errors, 1 left on base; Durham 6 - Salt Lake 1 |
| TOP OF THE 8TH |
|
Durham Bulls batting - Pitching for Salt Lake Bees : LHP Pete Zamarron
|
|
Batting: LHB Danny Hull
|
0-0: Foul Ball, location: 2F 0-1: TRIPLE (Line Drive, 89XD, EV 107.5 MPH)
|
|
Batting: LHB Angel Ruvalcaba
|
0-0: Ball 1-0: Fly out, F9 (Flyball, 9D, EV 103.8 MPH) Runner from 3rd tags up, SCORES, no throw by RF
|
|
Batting: SHB Ben Pierce
|
0-0: Ball 1-0: Called Strike 1-1: Ball 2-1: Called Strike 2-2: SINGLE (Flyball, 4D, EV 92.5 MPH)
|
|
Batting: RHB Eugênio Asceno
|
0-0: Ball 1-0: Grounds into double play, U4-3 (Groundball, 6M, EV 78.8 MPH)
|
| Top of the 8th over - 1 run, 2 hits, 0 errors, 0 left on base; Durham 7 - Salt Lake 1 |
| BOTTOM OF THE 8TH |
|
Salt Lake Bees batting - Pitching for Durham Bulls : RHP Joel Montenegro
|
|
Batting: SHB Ivan Barry
|
0-0: Ball 1-0: Ball 2-0: Called Strike 2-1: Foul Ball, location: 2F 2-2: Ground out 6-3 (Groundball, 6, EV 94.4 MPH)
|
|
Batting: SHB Brendan Bundy
|
0-0: Called Strike 0-1: Ball 1-1: Swinging Strike 1-2: Ball 2-2: Strikes out looking
|
|
Batting: RHB Justin Noll
|
0-0: Ball 1-0: Called Strike 1-1: Foul Ball, location: 2F 1-2: Strikes out swinging
|
| Bottom of the 8th over - 0 runs, 0 hits, 0 errors, 0 left on base; Durham 7 - Salt Lake 1 |
| TOP OF THE 9TH |
|
Durham Bulls batting - Pitching for Salt Lake Bees : LHP Pete Zamarron
|
|
Batting: RHB Danny Diaz
|
0-0: Ball 1-0: Swinging Strike 1-1: Ball 2-1: Fly out, F8 (Flyball, 8LXD, EV 103.1 MPH)
|
|
Batting: LHB Robin More
|
0-0: Foul Ball, location: 2F 0-1: Swinging Strike 0-2: Strikes out swinging
|
|
Batting: RHB Kevin Kush
|
0-0: SINGLE (Groundball, 56D, EV 100.6 MPH)
|
|
Batting: LHB Brian Hollinger
|
0-0: Ball Kevin Kush steals 2nd base 1-0: Foul Ball, location: 2F 1-1: Fly out, F7 (Line Drive, 7, EV 96.3 MPH)
|
| Top of the 9th over - 0 runs, 1 hit, 0 errors, 1 left on base; Durham 7 - Salt Lake 1 |
| BOTTOM OF THE 9TH |
|
Salt Lake Bees batting - Pitching for Durham Bulls : RHP Joel Montenegro
|
|
Batting: RHB Mike Harkins
|
0-0: Called Strike 0-1: Called Strike 0-2: Ball 1-2: Fly out, F5 (Popup, 5SF, EV 71.9 MPH)
|
|
Batting: RHB Justin Lauderdale
|
0-0: Ball 1-0: Foul Ball, location: 2F 1-1: Ground out 6-3 (Groundball, 6D, EV 86.9 MPH)
|
|
Pitching: RHP Don Henley
|
|
|
Batting: LHB Vinny Carreno
|
0-0: Called Strike 0-1: Ball 1-1: Foul Ball, location: 2F 1-2: Ball 2-2: Ball 3-2: Base on Balls
|
|
Batting: RHB Guillermo Mojica
|
0-0: Ball 1-0: Ball 2-0: Ball 3-0: Base on Balls Vinny Carreno to second
|
|
Batting: RHB Cesar Ortega
|
0-0: Ball 1-0: Fielders Choice at 2nd, 6-4 (Groundball, 6, EV 88.1 MPH)
|
| Bottom of the 9th over - 0 runs, 0 hits, 0 errors, 2 left on base; Durham 7 - Salt Lake 1 |
|